 Dungeon Crawl Stone Soup version 0.17-a0-776-gd86b262 (webtiles) character file.

37886 karvarausku the Black Belt (level 13, -4/118 HPs)
             Began as a White Draconian Monk on Apr 24, 2015.
             Was the Champion of Nemelex Xobeh.
             Slain by a death yak (17 damage)
             ... led by a torpor snail
             ... on level 7 of the Lair of Beasts.
             The game lasted 01:09:45 (17514 turns).

karvarausku the Black Belt (White Draconian Monk)  Turns: 17514, Time: 01:09:45

Health: -4/118     AC: 16    Str: 14    XL:     13   Next: 60%
Magic:  13/13      EV: 22    Int:  9    God:    Nemelex Xobeh [******]
Gold:   978        SH:  7    Dex: 21    Spells: 0 memorised, 12 levels left

rFire  . . .     SeeInvis .       - Unarmed
rCold  + . .     Clarity  .     (armour unavailable)
rNeg   . . .     SustAb   .     M - +0 buckler
rPois  .         Gourm    .     t - +2 hat {MR+}
rElec  .         Spirit   .     D - +2 cloak {Cloak of the fallen knight}
rCorr  .         Warding  .     g - +0 pair of gloves
rMut   .         Stasis   .     Q - +1 pair of boots
MR     +....                    I - amulet of rage
Stlth  ++........               Z - +5 ring of slaying
                                o - +3 ring of dexterity

@: somewhat resistant to hostile enchantments, unstealthy
A: breathe frost, unfitting armour, hooves 1, cold resistance 1, dopey 1, sense
surroundings 1, cold-blooded, AC +8
a: Breathe Frost, Triple Draw, Deal Four, Stack Five, Renounce Religion, Evoke
Berserk Rage


You were on level 7 of the Lair of Beasts.
You worshipped Nemelex Xobeh.
Nemelex Xobeh was exalted by your worship.
You were not hungry.

You visited 3 branches of the dungeon, and saw 18 of its levels.
You also visited: Volcano.

You collected 978 gold pieces.

Inventory:

Hand weapons
 u - a +3 quarterstaff of chaos
Armour
 d - a +0 shield
 g - a +0 pair of gloves (worn)
 t - a +2 hat of magic resistance (worn)
 D - a +2 cloak (worn) {Cloak of the fallen knight}
 M - a +0 buckler (worn)
 Q - a +1 pair of boots (worn)
Jewellery
 f - an uncursed ring of see invisible
 o - a +3 ring of dexterity (left hand)
 I - an amulet of rage (around neck)
 L - an uncursed ring of stealth
 Z - a +5 ring of slaying (right hand)
Magical devices
 j - a wand of enslavement (8)
 n - a wand of heal wounds (5)
 v - a wand of disintegration (11)
 K - a wand of magic darts (20)
 N - a wand of digging (5)
 V - a wand of fire (0)
Scrolls
 c - 2 scrolls of blinking
 e - 7 scrolls of remove curse
 i - a scroll of magic mapping
 l - a scroll of enchant weapon
 x - 2 scrolls of fog
 y - a scroll of fear
 C - 10 scrolls of identify
 E - a scroll of amnesia
 F - 3 scrolls of teleportation
 G - a scroll of recharging
 W - 2 scrolls of enchant armour
Potions
 m - 2 potions of heal wounds
 p - 3 potions of invisibility
 r - a potion of brilliance
 w - a potion of resistance
 B - a potion of flight
 H - 3 potions of might
 J - 2 potions of restore abilities
 S - 3 potions of curing
 U - 3 potions of haste
Books
 A - a book of Unlife

   Spells                             Type                      Level
   a - Recall                         Summoning/Translocation      3
   b - Animate Dead                   Necromancy                   4
   c - Control Undead                 Necromancy                   4
   d - Cigotuvi's Embrace             Necromancy                   5
   e - Death Channel                  Necromancy                   6
   f - Simulacrum                     Ice/Necromancy               6
 O - a book of Spatial Translocations

   Spells                             Type                      Level
   a - Apportation                    Translocation                1
   b - Blink                          Translocation                2
   c - Shroud of Golubria             Charms/Translocation         2
   d - Portal Projectile              Translocation                3
   e - Teleport Other                 Translocation                3
   f - Passage of Golubria            Translocation                4
 Y - a book of Control

   Spells                             Type                      Level
   a - Control Teleport               Charms/Translocation         4
   b - Control Undead                 Necromancy                   4
   c - Metabolic Englaciation         Hexes/Ice                    5
   d - Mass Confusion                 Hexes                        6
Miscellaneous
 k - a legendary deck of destruction {drawn: 2}
 q - a plain deck of escape {drawn: 4}
 z - an ornate deck of war {drawn: 3}
 P - an ornate deck of escape
 T - an ornate deck of war
 X - a legendary deck of destruction
Comestibles
 a - 7 bread rations
 h - 11 fruits
 s - 3 meat rations
 R - 10 slices of pizza


   Skills:
 + Level 12.2 Fighting
 + Level 10.6 Dodging
 - Level 1.7 Stealth
 + Level 6.8 Shields
 + Level 16.2 Unarmed Combat


You had 12 spell levels left.
You didn't know any spells.

Dungeon Overview and Level Annotations

Branches:
Dungeon (10/15)            Temple (1/1) D:5            Lair (7/8) D:9
 Shoals (0/5) Lair:6        Snake (0/5) Lair:6
  Slime: Lair:6-8       Orc: D:9-12

Altars:
Ashenzari
Cheibriados
Dithmenos
Elyvilon
Fedhas
Gozag
Kikubaaqudgha
Makhleb
Nemelex Xobeh
Okawaru
Qazlal
Ru
Sif Muna
Trog
Vehumet
Xom
Yredelemnul
Zin
The Shining One

Shops:
D:5 (   D:10 *


Innate Abilities, Weirdness & Mutations

You can breathe waves of freezing cold.
You can buffet flying creatures when you breathe cold.
Your icy white scales are hard (AC +8).
Your body does not fit into most forms of armour.
Your flesh is cold resistant.
You are cold-blooded and may be slowed by cold attacks.
You have large cloven feet.
You are dopey. (Int -2)
You passively map a small area around you.


Message History

You kill the death yak!
The death yak completely misses you. The death yak misses you.
You block the death yak's attack. The death yak gores you!
Your fortitude fades away.
The death yak gores you. The death yak gores you!!
* * * LOW HITPOINT WARNING * * *
Evoke which item? (* to show all) (? for menu, Esc to quit)
Okay, then.
Read which item? (? for menu, Esc to quit)
As you read the scroll of fear, it crumbles to dust.
You assume a fearsome visage.
The death yak resists with almost no effort. x2
The komodo dragon looks frightened!
You feel yourself speed up. The death yak gores you!
* * * LOW HITPOINT WARNING * * *
The death yak closely misses you. The death yak gores you!
You die...
Your body glows with a rainbow of weird colours and disappears.

# ##......†...P#
#....†....## ##....††...#
### * ##...$††###
########.# #........#
#...#...## ,
**#.......#### #.......P#
#....>.......####.......#
,
............Y#........PP#
...!.....PPY@.........##
, ........l..#..P.......#
, .......P###.##......##
......## ####.....}##
#..+##. #..#†'#.# ,##. #*
#####.### , #..# #.##
###.#####


You could see 2 death yaks and a komodo dragon (fleeing).

Vanquished Creatures
  Snorg (Lair:6)
  Josephine (Lair:6)
  An ice dragon (Lair:5)
  2 death yaks (Lair:7)
  A fire crab (Lair:4)
  A death drake (Lair:4)
  A hill giant (D:10)
  An ugly thing (D:9)
  An oklob plant (Lair:4)
  A siren (Lair:6)
  An elephant (Lair:4)
  11 spiny frogs
  3 black mambas
  A gargoyle (D:10)
  2 fire drakes
  2 komodo dragons
  A troll (D:10)
  A boulder beetle (Lair:6)
  14 blink frogs
  2 wraiths (Lair:6)
  A human (D:10)
  2 deep elf fighters (Volcano)
  An air elemental (D:9)
  A fire bat (Volcano)
  42 yaks
  2 hungry ghosts
  2 hogs
  7 hippogriffs
  A basilisk (Lair:4)
  3 wolves (Lair:3)
  A soldier ant (Lair:5)
  8 wargs (D:9)
  11 water moccasins
  Edmund (D:6)
  A naga (Lair:6)
  6 porcupines
  2 sky beasts
  4 ice beasts
  7 orc warriors (D:9)
  A boggart (D:9)
  8 centaurs
  A phantom (D:6)
  A tengu (D:4)
  4 ogres
  2 necrophages
  7 crocodiles
  17 giant frogs
  A gnoll sergeant (D:9)
  3 scorpions
  8 killer bees
  3 electric eels (Lair:4)
  6 crimson imps
  A giant frog zombie (D:5)
  3 hounds
  2 quasits
  Crazy Yiuf (D:4)
  An orc priest (D:3)
  2 jellies (D:5)
  A wasp zombie (D:9)
  3 worker ants
  Natasha (thrice) (D:4)
  11 iguanas
  9 orc wizards
  A hound zombie (D:8)
  A hound skeleton (D:6)
  4 gnolls
  36 river rats
  8 adders
  2 shadow imps
  2 oozes
  3 worms (D:2)
  44 orcs
  A bat zombie (D:6)
  4 giant cockroaches
  14 hobgoblins
  5 jackals (D:3)
  9 kobolds
  6 quokkas
  3 ball pythons
  14 bats
  2 giant newts (D:1)
  A giant spore (D:10)
  9 goblins
  A jackal skeleton (D:6)
  A quokka skeleton (D:5)
  17 rats
  A spectral orc (D:8)
  2 ballistomycetes (D:10)
  2 bushes (Lair:4)
  4 fungi
  3 plants (Lair:4)
451 creatures vanquished.

Vanquished Creatures (collateral kills)
  A storm dragon (D:9)
  Nessos (Lair:6)
  2 hydras
  A naga warrior (Lair:6)
  An oklob plant (Lair:4)
  A griffon (Lair:5)
  A fire drake (Lair:6)
  2 blink frogs (Lair:1)
  6 yaks
  3 wraiths (Lair:6)
  3 nagas (Lair:6)
  10 wargs (D:9)
  2 slaves (D:4)
  2 ogres
  An ice beast (D:5)
  A boggart (D:4)
  A centaur (D:6)
  Blork the orc (D:5)
  A big kobold (D:7)
  4 killer bees
  An orc wizard (D:10)
  Jessica (D:2)
  A hound zombie (D:5)
  12 river rats
  A giant eyeball (Lair:4)
  An ooze (D:1)
  An orc (D:10)
  A ball python (D:1)
  2 bats
  2 hobgoblins
  4 kobolds
  A rat (D:10)
73 creatures vanquished.

Vanquished Creatures (others)
  A flayed ghost (Volcano)
  A yaktaur (D:9)
  2 air elementals
  An orc warrior (D:9)
  A centaur (Volcano)
  A boring beetle (D:10)
  A brain worm (Lair:6)
  2 killer bees (Volcano)
  An adder (D:4)
  4 fungi
  2 plants (Lair:4)
17 creatures vanquished.

Grand Total: 541 creatures vanquished

Notes
Turn   | Place    | Note
--------------------------------------------------------------
     0 | D:1      | karvarausku, the Draconian Monk, began the quest for the Orb.
     0 | D:1      | Reached XP level 1. HP: 19/19 MP: 1/1
    31 | D:1      | Found a sparkling altar of Nemelex Xobeh.
    45 | D:1      | Became a worshipper of Nemelex Xobeh the Trickster
    45 | D:1      | Received a gift from Nemelex Xobeh
    45 | D:1      | Received a gift from Nemelex Xobeh
    92 | D:1      | Received a gift from Nemelex Xobeh
   155 | D:1      | Reached XP level 2. HP: 26/26 MP: 2/2
   409 | D:1      | Reached skill level 5 in Unarmed Combat
   432 | D:1      | Reached XP level 3. HP: 17/31 MP: 3/3
   987 | D:2      | Noticed Jessica
   995 | D:2      | Killed Jessica
  1019 | D:2      | Found an ancient bone altar of Kikubaaqudgha.
  1447 | D:2      | Reached XP level 4. HP: 36/38 MP: 4/4
  1513 | D:2      | Found a sparkling altar of Nemelex Xobeh.
  1879 | D:3      | Acquired Nemelex Xobeh's first power
  1910 | D:3      | Reached skill level 6 in Unarmed Combat
  1915 | D:3      | Received a gift from Nemelex Xobeh
  2287 | D:3      | Reached XP level 5. HP: 40/45 MP: 5/5
  2477 | D:3      | Found a deep blue altar of Sif Muna.
  2551 | D:3      | Reached skill level 7 in Unarmed Combat
  2891 | D:4      | Received a gift from Nemelex Xobeh
  2901 | D:4      | Got a fine robe
  2940 | D:4      | Noticed Natasha
  2951 | D:4      | Killed Natasha
  3007 | D:4      | Received a gift from Nemelex Xobeh
  3021 | D:4      | Acquired Nemelex Xobeh's second power
  3035 | D:4      | Noticed a slave
  3037 | D:4      | Noticed a slave
  3038 | D:4      | Noticed a slave
  3040 | D:4      | Noticed a slave
  3040 | D:4      | Killed a slave
  3041 | D:4      | Noticed Pikel
  3041 | D:4      | Noticed Pikel
  3041 | D:4      | Pikel changed into Pikel the tengu
  3041 | D:4      | Noticed a boggart
  3041 | D:4      | a slave changed into a boggart
  3044 | D:4      | Reached XP level 6. HP: 31/51 MP: 6/6
  3047 | D:4      | Killed a slave
  3047 | D:4      | Killed Pikel the tengu
  3051 | D:4      | Killed a boggart
  3090 | D:4      | Found a shattered altar of Ashenzari.
  3202 | D:4      | Noticed Natasha
  3208 | D:4      | Killed Natasha
  3258 | D:4      | Noticed Natasha
  3271 | D:4      | Killed Natasha
  3285 | D:4      | Noticed an ogre
  3290 | D:4      | Killed an ogre
  3290 | D:4      | Reached skill level 8 in Unarmed Combat
  3504 | D:4      | Noticed Crazy Yiuf
  3516 | D:4      | Killed Crazy Yiuf
  3562 | D:5      | Entered Level 5 of the Dungeon
  3562 | D:5      | Found a shattered altar of Ashenzari.
  3592 | D:5      | Your scales start taking on a icy white colour.
  3592 | D:5      | Gained mutation: Your flesh is cold resistant. [White Draconian growth]
  3592 | D:5      | Reached XP level 7. HP: 43/57 MP: 7/7
  3596 | D:5      | Found a bloodstained altar of Trog.
  3703 | D:5      | Reached skill level 9 in Unarmed Combat
  3731 | D:5      | Noticed Blork the orc
  3740 | D:5      | Killed Blork the orc
  3839 | D:5      | Received a gift from Nemelex Xobeh
  4013 | D:5      | Found a staircase to the Ecumenical Temple.
  4022 | Temple   | Entered the Ecumenical Temple
  4431 | D:5      | Found Horix's Weapon Boutique.
  4435 | D:5      | Reached skill level 10 in Unarmed Combat
  4506 | D:6      | Reached XP level 8. HP: 37/63 MP: 8/8
  4534 | D:6      | Received a gift from Nemelex Xobeh
  4560 | D:6      | Noticed Edmund
  4589 | D:6      | Killed Edmund
  4644 | D:6      | Reached skill level 11 in Unarmed Combat
  4662 | D:6      | Acquired Nemelex Xobeh's third power
  5278 | D:7      | Received a gift from Nemelex Xobeh
  5399 | D:7      | Reached skill level 12 in Unarmed Combat
  5451 | D:7      | Found a radiant altar of Vehumet.
  5836 | D:7      | Reached XP level 9. HP: 54/70 MP: 9/9
  6088 | D:8      | Received a gift from Nemelex Xobeh
  6592 | D:8      | Found a basalt altar of Yredelemnul.
  6716 | D:9      | Reached skill level 13 in Unarmed Combat
  6856 | D:9      | Noticed a cyan ugly thing
  6876 | D:9      | Killed a cyan ugly thing
  7161 | D:9      | Reached skill level 14 in Unarmed Combat
  7206 | D:9      | Reached XP level 10. HP: 60/77 MP: 10/10
  7261 | D:9      | Received a gift from Nemelex Xobeh
  7342 | D:9      | Reached skill level 15 in Unarmed Combat
  7648 | D:9      | Noticed an orc warlord
  7648 | D:9      | Noticed a storm dragon
  7648 | D:9      | an orc warlord changed into a storm dragon
  7692 | D:9      | Killed a storm dragon
  7692 | D:9      | Reached skill level 5 in Fighting
  8022 | D:9      | Gained mutation: You are dopey. (Int -2) [potion of mutation]
  8022 | D:9      | Gained mutation: Your system is resistant to poisons. [potion of mutation]
  8023 | D:9      | Gained mutation: You have large cloven feet. [potion of mutation]
  8023 | D:9      | Gained mutation: You passively map a small area around you. [potion of mutation]
  8023 | D:9      | Lost mutation: Your system is resistant to poisons. [potion of mutation]
  8235 | D:9      | Reached skill level 5 in Dodging
  8598 | D:9      | Noticed a fire drake
  8611 | D:9      | Killed a fire drake
  8635 | D:9      | Reached XP level 11. HP: 66/91 MP: 11/11
  8714 | D:9      | Found a staircase to the Lair.
  8724 | D:9      | Received a gift from Nemelex Xobeh
  8991 | D:10     | Entered Level 10 of the Dungeon
  8991 | D:10     | Found Taomecw's Assorted Antiques.
  9565 | D:10     | Received a gift from Nemelex Xobeh
  9925 | D:10     | Noticed a hill giant
  9936 | D:10     | Killed a hill giant
  9994 | Lair:1   | Entered Level 1 of the Lair of Beasts
  9994 | Lair:1   | Noticed a seven-headed hydra
 10005 | Lair:1   | Killed a seven-headed hydra
 10289 | Lair:1   | Received a gift from Nemelex Xobeh
 10792 | Lair:1   | Reached skill level 10 in Fighting
 10812 | Lair:1   | Reached XP level 12. HP: 79/106 MP: 12/12
 11006 | Lair:2   | Found a burning altar of Makhleb.
 11063 | Lair:2   | Received a gift from Nemelex Xobeh
 11629 | Lair:2   | Received a gift from Nemelex Xobeh
 12251 | Lair:3   | Reached skill level 1 in Shields
 12290 | Lair:3   | Received a gift from Nemelex Xobeh
 12449 | Lair:3   | Received a gift from Nemelex Xobeh
 12636 | Lair:3   | Noticed a six-headed hydra
 12646 | Lair:3   | Killed a six-headed hydra
 13576 | Lair:4   | Paralysed by a giant eyeball for 4 turns
 14124 | Lair:4   | Received a gift from Nemelex Xobeh
 14391 | Lair:5   | Noticed an eight-headed hydra
 14868 | Lair:5   | Noticed an ice dragon
 14868 | Lair:5   | an eight-headed hydra changed into an ice dragon
 14885 | Lair:5   | Killed an ice dragon
 14885 | Lair:5   | Reached skill level 5 in Shields
 15169 | Lair:5   | Reached XP level 13. HP: 112/116 MP: 13/13
 15390 | Lair:5   | Noticed an eight-headed hydra
 15393 | Lair:5   | an eight-headed hydra changed into a griffon
 15405 | Lair:5   | Reached skill level 10 in Dodging
 15740 | Lair:6   | Noticed Snorg
 15826 | Lair:6   | Killed Snorg
 15859 | Lair:6   | Received a gift from Nemelex Xobeh
 15872 | Lair:6   | Noticed Josephine
 15887 | Lair:6   | Identified a scroll of acquirement
 15905 | Lair:6   | Killed Josephine
 16022 | Lair:6   | Found a dark tunnel.
 16032 | Volcano  | Entered a volcano
 16063 | Volcano  | Reached skill level 16 in Unarmed Combat
 16848 | Lair:6   | Received a gift from Nemelex Xobeh
 16905 | Lair:6   | Noticed Nessos
 16911 | Lair:6   | Killed Nessos
 16958 | Lair:6   | Found a staircase to the Snake Pit.
 17004 | Lair:6   | Found a staircase to the Shoals.
 17422 | Lair:7   | Received a gift from Nemelex Xobeh
 17514 | Lair:7   | Slain by a death yak

Action                   |  1- 3 |  4- 6 |  7- 9 | 10-12 | 13-15 || total
-------------------------+-------+-------+-------+-------+-------++-------
Melee: Unarmed           |   101 |   201 |   297 |   663 |   219 ||  1481
 Abil: Breathe Frost     |       |       |       |     2 |       ||     2
Evoke: Deck              |     5 |    10 |    17 |    63 |    24 ||   119
       Wand              |       |       |       |    11 |     5 ||    16
  Use: Scroll            |       |     2 |     8 |    12 |     2 ||    24
       Potion            |       |     3 |     6 |     6 |       ||    15
 Stab: Sleeping          |       |     5 |     8 |     6 |       ||    19
       Invisible         |       |       |       |     5 |       ||     5
       Distracted        |       |       |       |     2 |     1 ||     3
  Eat: Chunk             |     1 |     7 |    12 |    18 |     3 ||    41
       Pizza             |       |       |     1 |     1 |       ||     2
       Beef jerky        |       |       |       |     4 |       ||     4
       Bread ration      |       |       |       |     1 |       ||     1
       Royal jelly       |       |       |       |     1 |       ||     1
       Meat ration       |       |       |       |       |     1 ||     1
